Map: Central Protocol

Players

Starelf

  • Race: Zerg Zerg
  • League: Master

Neuro - Winner!

  • Race: Zerg Zerg
  • League: Grandmaster

VOD

https://www.youtube.com/watch?v=zGR5jusFMKI

Description

Neuro shows us how to deal with Spines while doing the 14/14 in ZvZ

Time

  • Played on: Dec. 19, 2015, 12:20 p.m.
  • Length: 7:00
Show
View Real Time Build Order
Export as new Build Order

Starelf Zerg 

Build Orders: Hatch First 

Get SALT Encoding   

  12  0:01  Drone  
  13  0:12  Overlord  
  13  0:17  Drone  
  14  0:31  Drone x2  
  16  0:36  Drone  
  17  0:54  Hatchery  
  17  0:56  Drone  
  17  1:09  Spawning Pool  
  16  1:14  Drone  
  16  1:15  Drone  
  18  1:25  Drone, Extractor  
  18  1:32  Drone  
  19  1:44  Overlord  
  19  1:57  Zergling x2, Queen  
  22  2:03  Zergling x2  
  22  2:06  Queen  
  25  2:11  Spine Crawler  
  25  2:12  Spine Crawler  
  23  2:18  Baneling Nest  
  22  2:29  Drone x2  
  24  2:36  Queen  
  26  2:48  Zergling x2  
  26  2:49  Zergling x2  
  26  2:59  Queen  
  26  3:12  Drone x5  
  30  3:22  Drone  
  24  3:46  Queen  
  24  3:48  Baneling x2  
  24  3:49  Zergling x2  
  24  3:50  Zergling x2  
  25  4:06  Metabolic Boost  
  24  4:14  Baneling x2  
  23  4:29  Drone x4  
  14  4:46  Zergling x2  
  15  4:54  Drone  
  15  4:59  Zergling x2  
  17  5:05  Baneling x2  
  17  5:10  Zergling x2  
  18  5:15  Drone  
  18  5:17  Drone  
  20  5:24  Evolution Chamber  
  19  5:34  Spine Crawler  
  18  5:36  Baneling  
  18  5:37  Baneling  
  18  5:47  Drone  
  18  5:48  Drone  
  13  6:13  Zergling x4  
  15  6:23  Drone  
  16  6:26  Drone  
  17  6:35  Baneling x2  
  17  6:36  Baneling  
  17  6:48  Spine Crawler  
Show
View Real Time Build Order
Export as new Build Order

Neuro Zerg - Winner!

Build Orders: Pool First, Zergling Baneling 

Get SALT Encoding   

  12  0:01  Drone  
  13  0:08  Drone  
  14  0:15  Extractor  
  14  0:16  Drone  
  14  0:32  Spawning Pool  
  13  0:35  Drone  
  14  0:44  Overlord  
  14  0:50  Extractor  
  14  0:52  Drone  
  15  1:03  Drone x2  
  17  1:13  Drone  
  18  1:20  Queen  
  18  1:25  Metabolic Boost  
  20  1:32  Overlord  
  20  1:42  Baneling Nest  
  20  1:43  Zergling x2  
  20  1:47  Zergling x2  
  21  1:51  Zergling x2  
  22  2:02  Zergling x2  
  23  2:15  Zergling x2  
  23  2:21  Hatchery  
  23  2:25  Zergling x2  
  24  2:31  Zergling x4  
  26  2:39  Zergling x4  
  28  2:50  Baneling x2  
  27  2:56  Zergling x2  
  27  3:02  Zergling x8  
  30  3:10  Baneling x2  
  28  3:22  Zergling x2  
  25  3:37  Queen  
  25  3:38  Zergling x10  
  31  3:45  Zergling x2  
  31  3:50  Baneling  
  31  3:51  Baneling  
  31  3:52  Drone  
  31  3:53  Drone  
  33  3:57  Baneling  
  33  3:58  Baneling  
  33  3:59  Baneling  
  33  4:06  Baneling  
  33  4:07  Baneling x2  
  25  4:31  Zergling x14  
  31  4:42  Drone  
  30  4:46  Drone  
  30  4:51  Drone  
  32  4:56  Zergling x2  
  33  5:01  Drone  
  33  5:02  Spine Crawler  
  33  5:12  Baneling x2  
  33  5:13  Baneling x2  
  33  5:16  Overlord, Zergling x6  
  36  5:23  Overlord  
  35  5:48  Baneling  
  34  5:55  Zergling x22  
  40  6:11  Zergling x6  
  39  6:20  Drone x2  
  41  6:28  Zergling x6  
  41  6:30  Drone x3  
  47  6:34  Drone  
  47  6:37  Baneling x7  
Tags
 
Add a new tag
Caveats
  • Supply blocks, unpowered buildings, or Contaminate may cause inaccurate times.
  • Supply counts are checked every 10 seconds.